AoeStats
← MONSEkatish

Fortress

510026979Analyzed
4v4 RM · 4d ago on Sep 29, 2026· 59m 52s· 8 players
Game mode
Random Map
Map size
Huge
Population
200
Speed
Normal
Resources
Standard
Victory
Conquest
Starting age
Dark Age
Ending age
Imperial Age
RankedLock teamsTeams togetherTeam positionsShared explorationLock speedFull tech treeHidden civsTurbo modeCheats
Victory
Defeat
🇨🇳 Saracens · China
801
+11
🇨🇳 Franks · China
710
+15
🇨🇳 Ethiopians · China
674
+16
🇨🇳 Mongols · China
607
+19
🇨🇳 Lithuanians · China
822
-20
🇺🇸 Vikings · United States
743
-18
🇺🇸 Byzantines · United States
629
-13
🇨🇴 Teutons · Colombia
555
-10
吃橘子么
7:03 Feudal Age
7:41 Double-Bit Axe
7:48 Horse Collar
13:53 Castle Age
16:08 Bow Saw
15:51 Loom
16:47 Heavy Plow
17:09 Stone Mining
20:14 Wheelbarrow
20:33 Gold Mining
26:30 Imperial Age
24:11 Fletching
25:05 Hand Cart
24:35 Town Watch
25:46 Gold Shaft Mining
25:48 Stone Shaft Mining
25:59 Bodkin Arrow
26:34 Ballistics
26:54 Padded Archer Armor
27:06 Thumb Ring
27:13 Bloodlines
27:04 Husbandry
27:56 Conscription
27:59 Bracer
29:52 Parthian Tactics
29:09 Elite Mangudai
32:16 Town Patrol
34:01 Chemistry
33:19 Leather Archer Armor
36:18 Nomads
37:23 Fortified Wall
37:24 Masonry
37:42 Capped Ram
38:44 Drill
41:00 Siege Ram
42:13 Siege Engineers
42:20 Forging
42:16 Scale Barding Armor
43:59 Hoardings
47:11 Murder Holes
49:44 Caravan
50:19 Coinage
53:28 Banking
59:19 Spies/Treason
kh
9:47 Feudal Age
11:06 Wheelbarrow
10:25 Gold Mining
12:05 Loom
12:37 Stone Mining
13:14 Double-Bit Axe
19:14 Castle Age
19:13 Forging
19:08 Scale Barding Armor
20:38 Hand Cart
20:34 Bow Saw
21:01 Gold Shaft Mining
21:44 Husbandry
21:49 Caravan
27:30 Iron Casting
27:16 Chain Barding Armor
37:38 Imperial Age
37:55 Cavalier
39:17 Chivalry
39:39 Conscription
40:26 Blast Furnace
40:01 Plate Barding Armor
41:36 Paladin
暗夜惜黎
7:16 Feudal Age
7:39 Horse Collar
7:47 Double-Bit Axe
10:09 Gold Mining
14:16 Wheelbarrow
14:08 Town Watch
17:38 Castle Age
21:18 Arson
21:34 Squires
22:53 Forging
22:44 Scale Mail Armor
23:30 Gold Shaft Mining
26:47 Hand Cart
29:38 Imperial Age
30:25 Bow Saw
30:57 Heavy Plow
33:57 Chemistry
39:44 Siege Engineers
42:44 Caravan
47:45 Masonry
48:51 Torsion Engines
55:18 Husbandry
俺讨厌种田
7:07 Feudal Age
11:51 Castle Age
11:24 Horse Collar
11:32 Double-Bit Axe
12:55 Loom
39:03 Imperial Age
37:38 Husbandry
39:04 Bloodlines
39:54 Bimaristan
39:56 Elite Mameluke
40:13 Light Cavalry
45:47 Caravan
47:53 Chemistry
47:14 Ballistics
47:05 Fortified Wall
46:51 Murder Holes
47:07 Masonry
47:31 Counterweights
51:49 Elite Skirmisher
52:34 Thumb Ring
51:50 Crossbowman
54:19 Hussar
54:19 Heavy Camel Rider
11thDAY
8:10 Loom
10:05 Feudal Age
15:24 Castle Age
13:33 Double-Bit Axe
13:48 Gold Mining
13:59 Horse Collar
14:10 Man-at-Arms
15:39 Long Swordsman
16:22 Squires
15:45 Pikeman
17:31 Forging
17:24 Scale Mail Armor
26:01 Chain Mail Armor
26:22 Iron Casting
26:15 Elite Skirmisher
30:00 Fletching
43:56 Bodkin Arrow
45:08 Crossbowman
48:48 Padded Archer Armor
54:57 Ballistics
54:48 Masonry
含光
8:22 Feudal Age
9:51 Wheelbarrow
9:15 Double-Bit Axe
9:14 Horse Collar
15:56 Castle Age
14:08 Stone Mining
14:17 Gold Mining
17:07 Hand Cart
17:41 Bow Saw
17:35 Heavy Plow
25:45 Imperial Age
25:26 Caravan
27:37 Two-Man Saw
27:20 Crop Rotation
27:51 Conscription
30:01 Stone Mining
31:54 Elite Leitis
33:29 Scale Barding Armor
33:34 Forging
36:13 Chain Barding Armor
36:28 Iron Casting
41:20 Plate Barding Armor
47:38 Husbandry
47:49 Bloodlines
47:01 Light Cavalry
50:31 Pikeman
51:12 Squires
50:58 Arson
52:10 Winged Hussar
56:50 Halberdier
59:08 Elite Skirmisher
MONSEkatish
3:21 Loom
10:15 Feudal Age
12:24 Horse Collar
12:33 Double-Bit Axe
15:43 Wheelbarrow
18:23 Castle Age
16:22 Man-at-Arms
19:47 Forging
19:09 Long Swordsman
20:15 Stone Mining
20:16 Gold Mining
24:21 Town Watch
25:20 Hand Cart
27:03 Stone Shaft Mining
27:20 Bow Saw
28:01 Caravan
33:22 Pikeman
34:33 Gambesons
34:49 Squires
34:35 Arson
45:42 Iron Casting
45:08 Scale Mail Armor
50:56 Imperial Age
51:03 Imperial Age
48:38 Town Patrol
53:42 Cavalier
alexgolan
0:35 Loom
8:33 Feudal Age
11:09 Wheelbarrow
10:20 Horse Collar
10:41 Double-Bit Axe
15:26 Stone Mining
21:13 Gold Mining
25:55 Castle Age
25:53 Scale Mail Armor
25:59 Scale Barding Armor
26:05 Forging
25:46 Fletching
27:57 Greek Fire
28:37 Stone Shaft Mining
28:40 Gold Shaft Mining
28:09 Heavy Plow
28:22 Bow Saw
29:42 Husbandry
32:15 Fortified Wall
31:46 Treadmill Crane
33:19 Chain Barding Armor
34:38 Iron Casting
40:41 Imperial Age
38:35 Squires
38:15 Light Cavalry
41:30 Ballistics
41:06 Murder Holes
41:44 Cavalier
43:27 Crop Rotation
44:01 Two-Man Saw
43:54 Hoardings
43:40 Conscription
47:15 Chemistry
46:04 Paladin
50:06 Bodkin Arrow
52:31 Plate Barding Armor
Connection lost

Rejoining the realm…

Still unreachable

The connection could not be restored.

Session expired

The server has moved on; the page needs a fresh start.